 Dungeon Crawl Stone Soup version 0.32-a0-931-g5a2cda0630 (webtiles) character file.

Game seed: 7942017500163625166

51 gohu the Shield-Bearer (level 3, -4/31 HPs)
             Began as a Mountain Dwarf Fighter on Apr 13, 2024.
             Succumbed to a gnoll's poison
             ... on level 2 of the Dungeon.
             The game lasted 00:01:25 (1121 turns).

gohu the Shield-Bearer (Mountain Dwarf Fighter)     Turns: 1121, Time: 00:01:26

Health: -4/31      AC:  6    Str: 20    XL:     3   Next: 57%
Magic:  3/3        EV:  8    Int:  8    God:
Gold:   29         SH:  4    Dex:  9    Spells: 2/2 levels left

rFire   . . .        a - +0 war axe
rCold   . . .        c - +0 buckler
rNeg    . . .        b - +0 scale mail
rPois   .            (no helmet)
rElec   .            (no cloak)
rCorr   .            (no gloves)
SInv    .            (no boots)
Will    .....        (no amulet) Stlth
                     (no ring)
HPRegen 0.25/turn    (no ring)
MPRegen 0.08/turn

%: no passive effects
@: lethally poisoned (-4 -> -25), hasted, very quick
A: runic magic, artefact enchanting
a: no special abilities


You were on level 2 of the Dungeon.
You visited 1 branch of the dungeon, and saw 2 of its levels.

You collected 29 gold pieces.

Inventory:

Hand Weapons
 a - a +0 war axe (weapon)
Missiles
 e - 3 boomerangs (quivered)
Armour
 b - a +0 scale mail (worn)
 c - a +0 buckler (worn)
Scrolls
 f - a scroll of teleportation {unknown}
 g - a scroll of vulnerability {unknown}
 h - 2 scrolls of identify {unknown}
 i - a scroll of enchant weapon {unknown}
 k - a scroll of summoning {unknown}
 l - a scroll of immolation {unknown}
Potions
 d - a potion of might
 m - a potion of curing {unknown}


   Skills:
 + Level 3.3 Fighting
 * Level 3.6 Axes
 + Level 3.6 Armour
 + Level 0.1 Dodging
 + Level 4.0 Shields


You had 2 spell levels left.
You didn't know any spells.
Your spell library was empty.

Dungeon Overview and Level Annotations

Branches:
Dungeon (2/15)

Altars:


Innate Abilities, Weirdness & Mutations

Your spellcasting is much less encumbered by armour.
You can use scrolls of enchantment on lesser artefacts.


Message History

A gnoll is wielding a +2 halberd of venom and quivering a throwing net.
A gnoll is wielding a +0 whip and quivering a throwing net.
The gnoll shouts! x4
The gnoll throws a throwing net.
The throwing net closely misses you.
You see here a throwing net.
The gnoll hits you but does no damage.
You are poisoned.
You closely miss the adder. You hit the gnoll but do no damage.
You feel very sick. The adder bites you. The gnoll hits you but does no damage.
You are more poisoned.
The adder bites you but does no damage.
You completely miss the adder. You barely miss the gnoll.
You feel very sick. The adder closely misses you. You block the gnoll's attack.
You miss the adder. You barely miss the gnoll.
You feel very sick. You block the adder's attack. The gnoll barely misses you.
The adder closely misses you.
The gnoll hits you with a +2 halberd of venom!
* * * LOW HITPOINT WARNING * * *
You are more poisoned.
You are too injured to fight recklessly!
You are too injured to fight recklessly!
You are too injured to fight recklessly!
You are too injured to fight recklessly!
You are too injured to fight recklessly!
You are too injured to fight recklessly!
You are too injured to fight recklessly!
You are too injured to fight recklessly!
You are too injured to fight recklessly!
A jackal comes into view.
* * * LOW HITPOINT WARNING * * *
You feel very sick.
The jackal barks!
You hear a bark!
The adder attacks as it pursues you! The adder barely misses you.
The gnoll barely misses you. The adder bites you but does no damage.
You hear a bark! x2
You see here a throwing net.
It was a potion of haste.
You feel yourself speed up.
You die...

...#............. ###
#...########## ..
#.........#..
####.#########.#h#
.......######.#.#
##..##.#<.....#.#
#.......#######.########
#.##.##[†......S.gggg...
#.#...#.#######@########
#..._...# #.# ...#...#.#
#.# #.##.##.# #.#
#.......# #.#
###.#...### #.#
#.....).#####.#
####..........#
##.#########


You could see 4 gnolls, an adder and a jackal.

Vanquished Creatures
  2 adders (D:2)
  4 ball pythons
  An endoplasm (D:1)
  A goblin (D:1)
  2 hobgoblins
  7 jackals (D:1)
  A quokka (D:1)
  2 bats (D:1)
  2 frilled lizards (D:1)
  5 kobolds (D:1)
  3 rats (D:1)
30 creatures vanquished.

Notes
Turn   | Place    | Note
-------+----------+-------------------------------------------
     0 | D:1      | gohu the Mountain Dwarf Fighter began the quest for the
                  | Orb.
     0 | D:1      | Reached XP level 1. HP: 19/19 MP: 1/1
    35 | D:1      | You fall into a shaft and drop 1 floor!
    67 | D:2      | Reached XP level 2. HP: 6/26 MP: 2/2
   440 | D:1      | Reached skill level 4 in Shields
   440 | D:1      | Reached XP level 3. HP: 28/31 MP: 3/3
  1084 | D:2      | Found a faded altar of an unknown god.
  1120 | D:2      | HP: 1/31 [poisoned by a gnoll]
  1121 | D:2      | Succumbed to a gnoll's poison

Illustrated notes

Levels and vault maps discovered:
D:1:      dpeg_arrival_lava_temple_mockup, layout_basic
D:2:      layout_basic, basic_altar, ebering_ecumenical_altar_box,
          minmay_distorted, uniq_crazy_yiuf_cottage

Skill      XL: |  1  2 |
---------------+-------+-----
Axes           | 3 |  3.6
Shields        | 4 |  4.0
Fighting       | |  3.3
Armour         | |  3.6
Dodging        | |  0.1

Action                     || total
---------------------------++-------
  Melee: War axe           ||   115
  Throw: Boomerang         ||     2
    Use: Potion            ||     1
 Armour: Scale mail        ||   101
  Dodge: Dodged            ||    58
  Block: Buckler           ||    22

Table legend: (Time is in decaauts)
 A = Elapsed time spent in this place.
 B = Non-inter-level travel time spent in this place.
 C = Inter-level travel time spent in this place.
 D = Time resting spent in this place.
 E = Time spent auto-exploring this place.
 F = Levels seen in this place.
 G = Mean time per level.
                   A        B        C        D        E       F      G
               +--------+--------+--------+--------+--------+-----+--------+
         Total |   1165 |   1105 |     60 |      0 |    848 |   2 |  582.5 |
       Dungeon |   1165 |   1105 |     60 |      0 |    848 |   2 |  582.5 |
               +--------+--------+--------+--------+--------+-----+--------+

Top non-repeatable levels by time:
     D:1: 971 daAuts
     D:2: 193 daAuts
